HSSL
TEMISKAMING DISTRICT SECONDARY SCHOOL SAINTS @ OLIVER AMES HS TIGERS
04/06/2030
 
TOP OF THE 1ST
Temiskaming District Secondary School Saints batting - Pitching for Oliver Ames HS Tigers : RHP Donovan Jeffries
Pitching: RHP Donovan Jeffries
Batting: RHB Dave Jones 0-0: Ball
1-0: Foul Ball, location: 2F
1-1: Called Strike
1-2: Ball
2-2: Ball
3-2: Base on Balls
Batting: LHB Juan Esparza 0-0: Ball
1-0: Ball
2-0: Ball
3-0: Base on Balls
Dave Jones to second
Batting: RHB Hilton Knowles 0-0: Called Strike
0-1: Ball
1-1: Swinging Strike
1-2: Ball
2-2: Ball
3-2: SINGLE (Flyball, 89S)
Dave Jones to third
Juan Esparza to second
Runner from 3rd tries for Home, SAFE, no throw
Batting: RHB Ramón Cabrera 0-0: Ball
1-0: Foul Ball, location: 2F
1-1: Ball
2-1: Foul Ball, location: 2F
2-2: Foul Ball, location: 2F
2-2: Strikes out swinging
Batting: LHB Tony Proctor 0-0: SINGLE (Groundball, 34D)
Juan Esparza to third
Hilton Knowles to second
Batting: RHB Jim Prince 0-0: Ball
1-0: SINGLE (Groundball, 4MD)
Juan Esparza scores
Hilton Knowles to third
Tony Proctor to second
Pitching: RHP Gary Trusty
Batting: RHB Scott Roberts 0-0: Foul Ball, location: 2F
0-1: Foul Ball, location: 2F
0-2: Strikes out swinging
Batting: RHB John Erickson 0-0: Swinging Strike
0-1: Swinging Strike
0-2: Ball
1-2: Strikes out swinging
Top of the 1st over - 2 runs, 3 hits, 0 errors, 3 left on base; Temiskaming District Secondary School 2 - Oliver Ames HS 0
BOTTOM OF THE 1ST
Oliver Ames HS Tigers batting - Pitching for Temiskaming District Secondary School Saints : LHP Will Ferreira
Pitching: LHP Will Ferreira
Batting: LHB William Moody 0-0: Swinging Strike
0-1: Ball
1-1: Called Strike
1-2: Ball
2-2: Ball
3-2: Base on Balls
Batting: RHB Dave Collins 0-0: Called Strike
0-1: Ball
1-1: SINGLE (Line Drive, 6D)
William Moody to second
Batting: RHB Marcos Llevanos 0-0: Called Strike
0-1: Foul Ball, location: 2F
0-2: Foul Ball, location: 2F
0-2: Ball
1-2: Foul Ball, location: 2F
1-2: Foul Ball, location: 2F
1-2: Foul Ball, location: 2F
1-2: SINGLE (Line Drive, 56D)
William Moody to third
Dave Collins to second
Runner from 3rd tries for Home, SAFE, no throw
Batting: RHB Will Hernández 0-0: Swinging Strike
0-1: Foul Ball, location: 2F
0-2: Ball
1-2: Ball
2-2: Ball
3-2: Fielders Choice at 2nd, 3-6 (Groundball, 3)
Dave Collins to third
Batting: SHB Jorge Árias 0-0: Called Strike
0-1: Ball
1-1: Ball
2-1: Ball
3-1: Called Strike
3-2: Fly out, F8 (Line Drive, 8LS)
Runner from 3rd tags up, SCORES, no throw
Batting: RHB Tom Richter 0-0: Called Strike
0-1: SINGLE (Groundball, 56D)
Will Hernández to second
Batting: RHB Jim Brown 0-0: Called Strike
0-1: Swinging Strike
0-2: Ball
1-2: DOUBLE (Groundball, 3L)
Will Hernández scores
Tom Richter to third
Runner from 3rd tries for Home, SAFE, throw made at trailing runner, OUT at third!
Bottom of the 1st over - 4 runs, 4 hits, 0 errors, 0 left on base; Temiskaming District Secondary School 2 - Oliver Ames HS 4
TOP OF THE 2ND
Temiskaming District Secondary School Saints batting - Pitching for Oliver Ames HS Tigers : RHP Gary Trusty
Batting: RHB Glenn Hansen 0-0: TRIPLE (Flyball, 8RXD)
Batting: RHB Dave Jones 0-0: Ball
1-0: Ball
2-0: Called Strike
2-1: SINGLE (Groundball, 6MD)
Glenn Hansen scores
Batting: LHB Juan Esparza 0-0: Called Strike
0-1: Hit by Pitch
Dave Jones to second
Batting: RHB Hilton Knowles 0-0: Ball
1-0: Ball
2-0: Ball
3-0: Base on Balls
Dave Jones to third
Juan Esparza to second
Batting: RHB Ramón Cabrera 0-0: Foul Ball, location: 2F
0-1: Foul Ball, location: 2F
0-2: Ball
1-2: Ball
2-2: SINGLE (Line Drive, 4MD)
Dave Jones scores
Juan Esparza to third
Hilton Knowles to second
Batting: LHB Tony Proctor 0-0: Called Strike
0-1: Ball
1-1: Ball
2-1: Ball
3-1: Fly out, F7 (Line Drive, 7S)
Runner from 3rd tags up, SCORES, no throw
Batting: RHB Jim Prince 0-0: 3-RUN HOME RUN (Flyball, 7LD), Distance : 341 ft
Pitching: RHP Michael Féliz
Batting: RHB Scott Roberts 0-0: Called Strike
0-1: Foul Ball, location: 2F
0-2: Ground out 5-3 (Groundball, 25)
Batting: RHB John Erickson 0-0: Ball
1-0: Swinging Strike
1-1: Foul Ball, location: 2F
1-2: Ball
2-2: Foul Ball, location: 2F
2-2: Foul Ball, location: 2F
2-2: Foul Ball, location: 2F
2-2: Ball
3-2: Base on Balls
Batting: RHB Glenn Hansen 0-0: Called Strike
0-1: Ball
1-1: Foul Ball, location: 2F
1-2: SINGLE (Line Drive, 7S)
John Erickson to second
Batting: RHB Dave Jones 0-0: Fly out, F8 (Flyball, 8RM)
Top of the 2nd over - 6 runs, 5 hits, 0 errors, 2 left on base; Temiskaming District Secondary School 8 - Oliver Ames HS 4
BOTTOM OF THE 2ND
Oliver Ames HS Tigers batting - Pitching for Temiskaming District Secondary School Saints : LHP Will Ferreira
Batting: LHB Tony Gillard 0-0: Called Strike
0-1: Called Strike
0-2: Ball
1-2: Foul Ball, location: 2F
1-2: Ball
2-2: Strikes out swinging
Batting: RHB Pat Taylor 0-0: Ball
1-0: Swinging Strike
1-1: Ball
2-1: Foul Ball, location: 2F
2-2: Strikes out swinging
Batting: LHB William Moody 0-0: Ball
1-0: Swinging Strike
1-1: SINGLE (Groundball, 56S) (infield hit)
Batting: RHB Dave Collins 0-0: Called Strike
0-1: Swinging Strike
0-2: Strikes out swinging
Bottom of the 2nd over - 0 runs, 1 hit, 0 errors, 1 left on base; Temiskaming District Secondary School 8 - Oliver Ames HS 4
TOP OF THE 3RD
Temiskaming District Secondary School Saints batting - Pitching for Oliver Ames HS Tigers : RHP Michael Féliz
Batting: LHB Juan Esparza 0-0: Called Strike
0-1: Ball
1-1: Foul Ball, location: 2F
1-2: Ball
2-2: Ball
3-2: Hit by Pitch
Batting: RHB Hilton Knowles 0-0: Foul Ball, location: 2F
0-1: Ball
1-1: Foul Ball, location: 2F
1-2: Strikes out looking
Batting: RHB Ramón Cabrera 0-0: Called Strike
0-1: Called Strike
0-2: Ball
1-2: Ball
2-2: Ball
3-2: Base on Balls
Juan Esparza to second
Batting: LHB Tony Proctor 0-0: Called Strike
0-1: Ball
1-1: Ball
2-1: Ball
3-1: Base on Balls
Juan Esparza to third
Ramón Cabrera to second
Batting: RHB Jim Prince 0-0: Ball
1-0: Called Strike
1-1: Ball
2-1: Foul Ball, location: 2F
2-2: Foul Ball, location: 2F
2-2: Ball
3-2: Foul Ball, location: 2F
3-2: Fly out, F8 (Flyball, 89XD)
Runner from 3rd tags up, SCORES, no throw
Batting: RHB Scott Roberts 0-0: Ball
1-0: SINGLE (Groundball, 34D)
Ramón Cabrera to third
Tony Proctor to second
Runner from 3rd tries for Home, SAFE, no throw
Batting: RHB John Erickson 0-0: Ball
1-0: SINGLE (Line Drive, 56)
Tony Proctor to third
Scott Roberts to second
Batting: RHB Glenn Hansen 0-0: Called Strike
0-1: Ball
1-1: GRAND SLAM HOME RUN (Line Drive, 7D), Distance : 392 ft
Batting: RHB Dave Jones 0-0: Called Strike
0-1: Ball
1-1: Ball
2-1: Foul Ball, location: 2F
2-2: Ground out 6-3 (Groundball, 6)
Top of the 3rd over - 6 runs, 3 hits, 0 errors, 0 left on base; Temiskaming District Secondary School 14 - Oliver Ames HS 4
BOTTOM OF THE 3RD
Oliver Ames HS Tigers batting - Pitching for Temiskaming District Secondary School Saints : LHP Will Ferreira
Batting: RHB Marcos Llevanos 0-0: Ball
1-0: SINGLE (Groundball, 34S) (infield hit)
Batting: RHB Will Hernández 0-0: Called Strike
0-1: Ball
1-1: Ball
2-1: DOUBLE (Line Drive, 7LM)
Marcos Llevanos to third
Batting: SHB Jorge Árias 0-0: Called Strike
0-1: Called Strike
0-2: Foul Ball, location: 2F
0-2: Ball
1-2: Foul Ball, location: 2F
1-2: Ball
2-2: DOUBLE (Line Drive, 78D)
Marcos Llevanos scores
Will Hernández scores
Batting: RHB Tom Richter 0-0: Ball
1-0: Swinging Strike
1-1: Called Strike
1-2: Ball
2-2: Ball
3-2: Fly out, F3 (Popup, 3SF)
Batting: RHB Jim Brown 0-0: Ball
1-0: Fly out, F4 (Line Drive, 4)
Batting: LHB Tony Gillard 0-0: Foul Ball, location: 2F
0-1: Ball
1-1: Foul Ball, location: 2F
1-2: Ground out 4-3 (Groundball, 4S)
Bottom of the 3rd over - 2 runs, 3 hits, 0 errors, 1 left on base; Temiskaming District Secondary School 14 - Oliver Ames HS 6
TOP OF THE 4TH
Temiskaming District Secondary School Saints batting - Pitching for Oliver Ames HS Tigers : RHP Michael Féliz
Batting: LHB Juan Esparza 0-0: Ball
1-0: Swinging Strike
1-1: DOUBLE (Line Drive, 78D)
Batting: RHB Hilton Knowles 0-0: Ball
1-0: Foul Ball, location: 2F
1-1: DOUBLE (Flyball, 8RD)
Juan Esparza scores
Batting: RHB Ramón Cabrera 0-0: Ball
Wild Pitch!
Hilton Knowles to third
1-0: Ball
2-0: Ball
3-0: Base on Balls
Pitching: RHP Del Mendía
Batting: LHB Tony Proctor 0-0: Called Strike
0-1: Foul Ball, location: 2F
0-2: Ground out 3-1 (Groundball, 34S)
Hilton Knowles scores
Ramón Cabrera to second
Batting: RHB Jim Prince 0-0: Called Strike
0-1: Foul Ball, location: 2F
0-2: Ball
1-2: Reached on error, E6 (Groundball, 6)
Ramón Cabrera scores
Batting: RHB Scott Roberts 0-0: Ground out 5-3 (Groundball, 56)
Batting: RHB John Erickson 0-0: Fly out, F7 (Line Drive, 7)
Top of the 4th over - 3 runs, 2 hits, 1 error, 1 left on base; Temiskaming District Secondary School 17 - Oliver Ames HS 6
BOTTOM OF THE 4TH
Oliver Ames HS Tigers batting - Pitching for Temiskaming District Secondary School Saints : LHP Will Ferreira
Batting: RHB Pat Taylor 0-0: Ball
1-0: Ground out 3-1 (Groundball, 34S)
Batting: LHB William Moody 0-0: DOUBLE (Line Drive, 9LM)
Pitching: RHP Denis Hudson
Batting: RHB Dave Collins 0-0: Ball
1-0: Ball
2-0: Foul Ball, location: 2F
2-1: Called Strike
2-2: Ball
3-2: Fly out, F1 (Popup, 15)
Batting: RHB Marcos Llevanos 0-0: Called Strike
0-1: Foul Ball, location: 2F
0-2: Strikes out swinging
Bottom of the 4th over - 0 runs, 1 hit, 0 errors, 1 left on base; Temiskaming District Secondary School 17 - Oliver Ames HS 6
TOP OF THE 5TH
Temiskaming District Secondary School Saints batting - Pitching for Oliver Ames HS Tigers : RHP Del Mendía
Batting: RHB Glenn Hansen 0-0: Ball
1-0: Ball
2-0: Ball
3-0: Base on Balls
Batting: RHB Dave Jones 0-0: Fly out, F6 (Flyball, 56D)
Batting: LHB Juan Esparza 0-0: Ball
Glenn Hansen steals 2nd base
1-0: Called Strike
1-1: Ball
2-1: Foul Ball, location: 2F
2-2: SINGLE (Groundball, 25) (infield hit)
Glenn Hansen to third
Batting: RHB Hilton Knowles 0-0: SINGLE (Groundball, 6M) (infield hit)
Glenn Hansen scores
Juan Esparza to second
Batting: RHB Ramón Cabrera 0-0: Fly out, F7 (Flyball, 7LMF)
Batting: LHB Tony Proctor 0-0: Foul Ball, location: 2F
0-1: Ball
1-1: Foul Ball, location: 2F
1-2: Ball
2-2: Ball
3-2: Fly out, F4 (Line Drive, 4)
Top of the 5th over - 1 run, 2 hits, 0 errors, 2 left on base; Temiskaming District Secondary School 18 - Oliver Ames HS 6
BOTTOM OF THE 5TH
Oliver Ames HS Tigers batting - Pitching for Temiskaming District Secondary School Saints : RHP Denis Hudson
Batting: RHB Will Hernández 0-0: Foul Ball, location: 2F
0-1: Foul Ball, location: 2F
0-2: Ball
1-2: Ball
2-2: Ball
3-2: Foul Ball, location: 2F
3-2: Base on Balls
Batting: SHB Jorge Árias 0-0: Ball
1-0: Ball
2-0: Swinging Strike
2-1: Foul Ball, location: 2F
2-2: Ball
3-2: Base on Balls
Will Hernández to second
Batting: RHB Tom Richter 0-0: Foul Ball, location: 2F
0-1: Fly out, F8 (Flyball, 8RM)
Batting: RHB Jim Brown 0-0: Ball
1-0: Ball
2-0: Called Strike
2-1: Ball
3-1: Base on Balls
Will Hernández to third
Jorge Árias to second
Batting: LHB Tony Gillard 0-0: Ball
1-0: Ball
2-0: Swinging Strike
2-1: Foul Ball, location: 2F
2-2: Ball
3-2: Foul Ball, location: 2F
3-2: Foul Ball, location: 2F
3-2: Foul Ball, location: 2F
3-2: DOUBLE (Line Drive, 89D)
Will Hernández scores
Jorge Árias scores
Jim Brown to third
Batting: RHB Pat Taylor 0-0: Called Strike
0-1: Ground out 5-3 (Groundball, 5)
Batting: LHB William Moody 0-0: Ball
1-0: Called Strike
1-1: Ball
2-1: Ball
3-1: Swinging Strike
3-2: Base on Balls
Batting: RHB Dave Collins 0-0: Ground out U3 (Groundball, 34)
Bottom of the 5th over - 2 runs, 1 hit, 0 errors, 3 left on base; Temiskaming District Secondary School 18 - Oliver Ames HS 8
TOP OF THE 6TH
Temiskaming District Secondary School Saints batting - Pitching for Oliver Ames HS Tigers : RHP Del Mendía
Batting: RHB Jim Prince 0-0: Called Strike
0-1: Ball
1-1: Swinging Strike
1-2: Ball
2-2: Ball
3-2: Strikes out swinging
Batting: RHB Scott Roberts 0-0: Ball
1-0: Called Strike
1-1: Ground out 4-3 (Groundball, 6MS)
Batting: RHB John Erickson 0-0: Called Strike
0-1: Swinging Strike
0-2: Strikes out looking
Top of the 6th over - 0 runs, 0 hits, 0 errors, 0 left on base; Temiskaming District Secondary School 18 - Oliver Ames HS 8
BOTTOM OF THE 6TH
Oliver Ames HS Tigers batting - Pitching for Temiskaming District Secondary School Saints : RHP Denis Hudson
Batting: RHB Marcos Llevanos 0-0: Ball
1-0: Foul Ball, location: 2F
1-1: Called Strike
1-2: DOUBLE (Line Drive, 78D)
Batting: RHB Will Hernández 0-0: Called Strike
0-1: Foul Ball, location: 2F
0-2: Strikes out swinging
Batting: SHB Jorge Árias 0-0: Foul Ball, location: 2F
0-1: Ball
1-1: Ball
2-1: Ball
3-1: Base on Balls
Batting: RHB Tom Richter 0-0: Called Strike
0-1: Swinging Strike
0-2: Ball
1-2: Foul Ball, location: 2F
1-2: DOUBLE (Line Drive, 7LS)
Marcos Llevanos scores
Jorge Árias to third
Batting: RHB Jim Brown 0-0: Ball
Wild Pitch!
Jorge Árias scores
Tom Richter to third
1-0: Ball
2-0: Called Strike
2-1: Ground out 4-3 (Groundball, 4)
Tom Richter scores
Batting: LHB Tony Gillard 0-0: Called Strike
0-1: SINGLE (Flyball, 8LS)
Batting: RHB Pat Taylor 0-0: Called Strike
0-1: Ball
1-1: Swinging Strike
1-2: Ball
2-2: Ball
3-2: Foul Ball, location: 2F
3-2: Base on Balls
Tony Gillard to second
Batting: LHB William Moody 0-0: Ball
1-0: Foul Ball, location: 2F
1-1: Swinging Strike
1-2: Ball
2-2: Fly out, F8 (Flyball, 8LS)
Bottom of the 6th over - 3 runs, 3 hits, 0 errors, 2 left on base; Temiskaming District Secondary School 18 - Oliver Ames HS 11
TOP OF THE 7TH
Temiskaming District Secondary School Saints batting - Pitching for Oliver Ames HS Tigers : RHP Del Mendía
Pitching: RHP Wesley Milligan
Batting: RHB Glenn Hansen 0-0: Swinging Strike
0-1: Swinging Strike
0-2: Ball
1-2: Foul Ball, location: 2F
1-2: Strikes out swinging
Batting: RHB Dave Jones 0-0: Ball
1-0: Called Strike
1-1: Fly out, F5 (Line Drive, 5L)
Batting: LHB Juan Esparza 0-0: SOLO HOME RUN (Flyball, 89XD), Distance : 426 ft
Batting: RHB Hilton Knowles 0-0: Ball
1-0: Ball
2-0: Ball
3-0: Called Strike
3-1: DOUBLE (Line Drive, 78D)
Batting: RHB Ramón Cabrera 0-0: Ball
1-0: Called Strike
1-1: Swinging Strike
1-2: Ball
2-2: Foul Ball, location: 2F
2-2: Ball
3-2: Foul Ball, location: 2F
3-2: Foul Ball, location: 2F
3-2: Base on Balls
Batting: LHB Tony Proctor 0-0: Called Strike
0-1: Foul Ball, location: 2F
0-2: Foul Ball, location: 2F
0-2: Ball
1-2: Ball
2-2: Ball
3-2: Foul Ball, location: 2F
3-2: Base on Balls
Hilton Knowles to third
Ramón Cabrera to second
Batting: RHB Jim Prince 0-0: SINGLE (Groundball, 15S) (infield hit)
Hilton Knowles scores
Ramón Cabrera to third
Tony Proctor to second
Batting: RHB Scott Roberts 0-0: Ball
1-0: Ball
2-0: Called Strike
2-1: Ground out 1-3 (Groundball, 13)
Top of the 7th over - 2 runs, 3 hits, 0 errors, 3 left on base; Temiskaming District Secondary School 20 - Oliver Ames HS 11
BOTTOM OF THE 7TH
Oliver Ames HS Tigers batting - Pitching for Temiskaming District Secondary School Saints : RHP Denis Hudson
Pitching: RHP Steve Williams
Batting: RHB Dave Collins 0-0: Ground out 1-3 (Groundball, 15S)
Batting: RHB Marcos Llevanos 0-0: Ball
1-0: Called Strike
1-1: Swinging Strike
1-2: Foul Ball, location: 2F
1-2: Fly out, F4 (Line Drive, 4)
Batting: RHB Will Hernández 0-0: Ball
1-0: Called Strike
1-1: Called Strike
1-2: Ball
2-2: Ball
3-2: Strikes out swinging
Bottom of the 7th over - 0 runs, 0 hits, 0 errors, 0 left on base; Temiskaming District Secondary School 20 - Oliver Ames HS 11
TOP OF THE 8TH
Temiskaming District Secondary School Saints batting - Pitching for Oliver Ames HS Tigers : RHP Wesley Milligan
Batting: RHB John Erickson 0-0: Called Strike
0-1: Ground out 5-3 (Groundball, 56)
Batting: RHB Glenn Hansen 0-0: Ball
1-0: Called Strike
1-1: Ball
2-1: Foul Ball, location: 2F
2-2: SINGLE (Line Drive, 4MD)
Batting: RHB Dave Jones 0-0: Ball
1-0: Foul Ball, location: 2F
1-1: TRIPLE (Line Drive, 78XD)
Glenn Hansen scores
Batting: LHB Juan Esparza 0-0: Swinging Strike
0-1: Swinging Strike
0-2: Foul Ball, location: 2F
0-2: Ground out 5-3 (Groundball, 56S)
Dave Jones scores
Pinch Hitting: RHB Roland Simmons 0-0: Ground out 5-3 (Groundball, 56S)
Top of the 8th over - 2 runs, 2 hits, 0 errors, 0 left on base; Temiskaming District Secondary School 22 - Oliver Ames HS 11
BOTTOM OF THE 8TH
Oliver Ames HS Tigers batting - Pitching for Temiskaming District Secondary School Saints : RHP Steve Williams
Now at 2B: Roland Simmons
Batting: SHB Jorge Árias 0-0: Ball
1-0: Ball
2-0: Ball
3-0: Called Strike
3-1: Base on Balls
Batting: RHB Tom Richter 0-0: Foul Ball, location: 2F
0-1: Ball
1-1: Ball
2-1: Fly out, F7 (Flyball, 78M)
Batting: RHB Jim Brown 0-0: Ball
1-0: Fielders Choice at 2nd, 3-6 (Groundball, 34)
Batting: LHB Tony Gillard 0-0: Ball
1-0: Foul Ball, location: 2F
1-1: Ball
2-1: Swinging Strike
2-2: Ball
3-2: Foul Ball, location: 2F
3-2: Strikes out looking
Bottom of the 8th over - 0 runs, 0 hits, 0 errors, 1 left on base; Temiskaming District Secondary School 22 - Oliver Ames HS 11
TOP OF THE 9TH
Temiskaming District Secondary School Saints batting - Pitching for Oliver Ames HS Tigers : RHP Wesley Milligan
Batting: RHB Ramón Cabrera 0-0: Foul Ball, location: 2F
0-1: Ball
1-1: Foul Ball, location: 2F
1-2: Ball
2-2: Foul Ball, location: 2F
2-2: Foul Ball, location: 2F
2-2: Foul Ball, location: 2F
2-2: SOLO HOME RUN (Flyball, 9LD), Distance : 344 ft
Batting: LHB Tony Proctor 0-0: Foul Ball, location: 2F
0-1: Ball
1-1: Hit by Pitch
Pitching: RHP Jean-Michel Beaulieu
Batting: RHB Jim Prince 0-0: Called Strike
0-1: Ball
1-1: Ball
2-1: Grounds into double play, 4-6-3 (Groundball, 4)
Batting: RHB Scott Roberts 0-0: Called Strike
0-1: Ball
1-1: Foul Ball, location: 2F
1-2: Strikes out swinging
Top of the 9th over - 1 run, 1 hit, 0 errors, 0 left on base; Temiskaming District Secondary School 23 - Oliver Ames HS 11
BOTTOM OF THE 9TH
Oliver Ames HS Tigers batting - Pitching for Temiskaming District Secondary School Saints : RHP Steve Williams
Batting: RHB Pat Taylor 0-0: Foul Ball, location: 2F
0-1: Foul Ball, location: 2F
0-2: Ball
1-2: Strikes out swinging
Batting: LHB William Moody 0-0: Ball
1-0: Swinging Strike
1-1: DOUBLE (Flyball, 9LD)
Batting: RHB Dave Collins 0-0: Swinging Strike
0-1: Ball
1-1: Called Strike
1-2: Ball
2-2: Foul Ball, location: 2F
2-2: Foul Ball, location: 2F
2-2: Ball
3-2: Strikes out swinging
Batting: RHB Marcos Llevanos 0-0: Ball
1-0: Called Strike
1-1: Foul Ball, location: 2F
1-2: Ball
2-2: Foul Ball, location: 2F
2-2: Foul Ball, location: 2F
2-2: Strikes out looking
Bottom of the 9th over - 0 runs, 1 hit, 0 errors, 1 left on base; Temiskaming District Secondary School 23 - Oliver Ames HS 11
Saturday, April 7th, 2018 - OOTP Baseball 18.8 Build 76